 Dungeon Crawl Stone Soup version 0.27.0-1-g7a089689b8 (webtiles) character file.

Game seed: 6377972776246565392

366 sanka the Slasher (level 7, -2/50 HPs)
             Began as a Djinni Fighter on Aug 5, 2021.
             Slain by a black bear (3 damage)
             ... on level 4 of the Dungeon.
             The game lasted 00:08:02 (5000 turns).

sanka the Slasher (Djinni Fighter)                  Turns: 5000, Time: 00:08:03

Health: -2/50      AC:  9    Str: 21    XL:     7   Next: 0%
Gold:   429        EV:  7    Int: 12    God:
                   SH:  9    Dex: 12

rFire    + + .     SeeInvis .   a - +0 long sword
rCold    x . .     Faith    .   c - +0 kite shield
rNeg     . . .     Spirit   .   b - +0 scale mail
rPois    ∞         Reflect  .   (no helmet)
rElec    .         Harm     .   n - +2 cloak
rCorr    .         Rampage  .   (no gloves)
Will     .....                  (boots unavailable)
Stlth    ..........             (no amulet)
HPRegen  0.16/turn              g - +6 ring of strength
MPRegen  0.00/turn              k - ring of wizardry

@: flying, hasted, very quick
A: sickness immunity, fire resistance 2, cold vulnerability 1, float, innate
caster, hp casting, extra vitality 1
a: no special abilities


You were on level 4 of the Dungeon.
You visited 1 branch of the dungeon, and saw 4 of its levels.

You collected 429 gold pieces.


Innate Abilities, Weirdness & Mutations

You are immune to sickness and miasma.
You are immune to poison.
Your flesh is very heat resistant. (rF++)
You are vulnerable to cold. (rC-)
You float through the air rather than walking.
You learn spells naturally, not from books.
Your magical power is your life essence.
You have superior vitality. (+4 HP)


   Skills:
 - Level 3.0 Fighting
 + Level 6.3 Long Blades
 - Level 3.0 Armour
 - Level 3.0 Shields


You couldn't memorise any spells.
You knew the following spells:

 Your Spells              Type           Power      Damage    Failure   Level
x - Teleport Other        Tloc           0%         N/A       99%         3
z - Magic Dart            Conj           0%         1d3       83%         1
N - Passwall              Tmut/Erth      0%         N/A       92%         2
Your spell library was empty.

Inventory:

Hand Weapons
 a - a +0 long sword (weapon)
 s - a +2 trident of venom
Missiles
 j - 17 poisoned darts (quivered)
Armour
 b - a +0 scale mail (worn)
 c - a +0 kite shield (worn)
 n - a +2 cloak (worn)
Jewellery
 g - a +6 ring of strength (left hand)
 k - a ring of wizardry (right hand)
Scrolls
 e - a scroll of magic mapping {unknown}
 f - a scroll of teleportation {unknown}
 h - 3 scrolls of identify {unknown}
 i - a scroll of fog {unknown}
 l - 3 scrolls of enchant weapon {unknown}
 o - a scroll of immolation {unknown}
 t - a scroll of blinking {unknown}
 u - 3 scrolls of vulnerability {unknown}
 v - a scroll of torment {unknown}
Potions
 d - a potion of might
 m - a potion of heal wounds {unknown}
 p - a potion of degeneration {unknown}
 q - a potion of lignification {unknown}
 r - 2 potions of haste {@q3}

Dungeon Overview and Level Annotations

Branches:
Dungeon (4/15)
 Temple: D:4-7

Altars:
Hepliaklqana

Shops:
D:3 =

Annotations:
D:4 Edmund

..▒ ▒▒....▒ ▒.▒▒...▒▒....
▒.▒▒▒▒▒▒..▒▒.▒▒▒.▒▒..▒▒▒....
..▒▒▒▒.▒..@....▒▒................
...........▒▒▒@▒▒..▒▒......▒▒....
...........▒ ▒.▒▒..▒▒....▒.▒▒....
o..........▒ ▒.▒...▒▒▒▒'▒▒...>...
...........▒ ▒.▒.▒..▒▒...▒▒......
...........▒ ▒.....▒▒.....▒▒.....
▒▒▒▒▒▒▒▒▒▒▒▒ ▒▒▒R▒▒▒.8...8.▒▒....
▒▒h▒▒.▒.....▒.▒▒.▒▒
▒..▒...8...8...▒.▒
▒..(....£!.....'.▒
▒<.▒...8...8...▒▒▒
▒▒.▒▒.▒.....▒.▒▒ ▒..▒▒.8...8.▒▒
▒▒..▒▒.....▒▒ ▒▒..▒▒...▒▒


You could see a black bear (berserk).


Message History

The black bear is almost dead.
You block the black bear's attack. The black bear claws you.
* * * LOW HITPOINT WARNING * * *
The black bear claws you.
* * * LOW HITPOINT WARNING * * *
The black bear bites you.
* * * LOW HITPOINT WARNING * * *
The black bear claws you but does no damage.
The black bear claws you.
* * * LOW HITPOINT WARNING * * *
The black bear completely misses you.
The black bear claws you but does no damage.
You block the black bear's attack.
You closely miss the black bear.
The black bear is almost dead.
The black bear bites you!
* * * LOW HITPOINT WARNING * * *
You block the black bear's attack.
The black bear claws you but does no damage.
You block the black bear's attack.
The black bear claws you but does no damage.
The black bear claws you but does no damage.
It was a potion of haste.
You feel yourself speed up. The black bear bites you.
* * * LOW HITPOINT WARNING * * *
The black bear claws you but does no damage.
The black bear claws you.
You die...

Action                   |  1- 3 |  4- 6 |  7- 9 || total
-------------------------+-------+-------+-------++-------
Melee: Long sword        |   125 |   263 |    16 ||   404
Throw: Dart              |       |     2 |     2 ||     4
  Use: Potion            |       |       |     1 ||     1
Armor: Scale mail        |    55 |   128 |    18 ||   201
Dodge: Dodged            |    42 |    73 |    16 ||   131
Block: Kite shield       |    58 |   132 |    22 ||   212
       Rpst.: Long sword |    18 |    25 |     1 ||    44

Levels and vault maps discovered:
D:1:      sevenhm_arrival_forest_fort_small_3, layout_rooms,
          serial_bayou_pond_e, minmay_misc_feat_ornament, minmay_cupped
D:2:      layout_loops_ring
D:3:      layout_basic, nicolae_hepliaklqana_hazy_memory, serial_shops, shop,
          kennysheep_flooded_box
D:4:      minmay_polygon_palace, layout_basic, serial_shops, nicolae_shop_trees,
          kennysheep_cross_bottleneck, dk_noncrumbling_3, uniq_edmund

Notes
Turn   | Place    | Note
-------+----------+-------------------------------------------
     0 | D:1      | sanka the Djinni Fighter began the quest for the Orb.
     0 | D:1      | Reached XP level 1. HP: 20/20 MP: 0/0
    25 | D:1      | Reached skill level 2 in Long Blades
   101 | D:1      | Reached XP level 2. HP: 18/25 MP: 0/0
   557 | D:1      | Reached XP level 3. HP: 16/30 MP: 0/0
   557 | D:1      | Learned a level 1 spell: Magic Dart
   558 | D:1      | Reached skill level 3 in Long Blades
   570 | D:1      | HP: 2/30 [frozen (7)]
  1364 | D:2      | Reached XP level 4. HP: 35/35 MP: 0/0
  1508 | D:2      | Reached skill level 4 in Long Blades
  1788 | D:2      | You are sucked into a shaft and drop 1 floor!
  2136 | D:3      | Reached XP level 5. HP: 16/40 MP: 0/0
  2136 | D:3      | Learned a level 2 spell: Passwall
  2440 | D:3      | Found Sinemiol's Jewellery Shop.
  2528 | D:3      | Found a hazy altar of Hepliaklqana.
  2551 | D:3      | Found a hazy altar of Hepliaklqana.
  3769 | D:4      | Noticed a black bear
  3947 | D:4      | Reached skill level 5 in Long Blades
  4014 | D:4      | Noticed Edmund
  4122 | D:4      | Noticed a necrophage
  4159 | D:3      | Killed a necrophage
  4160 | D:3      | Reached XP level 6. HP: 17/46 MP: 0/0
  4389 | D:4      | Noticed a black bear
  4569 | D:4      | Reached skill level 6 in Long Blades
  4807 | D:4      | Reached XP level 7. HP: 50/50 MP: 0/0
  4807 | D:4      | Learned a level 3 spell: Teleport Other
  4999 | D:4      | HP: 2/50 [black bear (10)]
  5000 | D:4      | Slain by a black bear

Vanquished Creatures
  A necrophage (D:3)
  A phantom (D:4)
  An orc wizard (D:3)
  A hound skeleton (D:4)
  3 adders
  An adder skeleton (D:4)
  2 dart slugs
  14 orcs
  8 ball pythons
  9 endoplasms
  3 giant cockroaches
  10 goblins
  10 hobgoblins
  13 jackals
  5 kobolds
  5 quokkas
  7 bats
  5 frilled lizards
  7 rats
106 creatures vanquished.

Vanquished Creatures (others)
  6 plants (D:3)
6 creatures vanquished.

Grand Total: 112 creatures vanquished
